Map: Abiogenesis LE

Players

Benirons

  • Race: Terran Terran
  • Spawn Location: 5:00

A.I. 1 (Very Easy) - Winner!

  • Race: Zerg Zerg
  • Spawn Location: 11:00

VOD

Have the link to the VOD?

Description

Time

  • Played on: Jan. 24, 2018, 8:53 p.m.
  • Length: 7:34
Show
View Real Time Build Order
Export as new Build Order

Benirons Terran 

Build Orders: Reaper Expand, MMM Bio 

Get SALT Encoding   

  12  0:01  SCV  
  13  0:13  SCV  
  14  0:18  Supply Depot  
  14  0:26  SCV  
  15  0:40  SCV  
  15  0:42  Barracks  
  16  0:45  Refinery  
  16  0:54  SCV  
  17  1:06  SCV  
  18  1:18  SCV  
  19  1:30  Orbital Command  
  19  1:32  Reaper  
  20  1:46  Command Center  
  20  1:59  Barracks  
  20  2:00  SCV  
  21  2:06  Barracks Reactor  
  21  2:12  SCV  
  22  2:17  Supply Depot  
  22  2:21  Refinery  
  22  2:27  SCV  
  23  2:34  Factory  
  23  2:39  SCV  
  24  2:47  Marine, Barracks Tech Lab  
  24  2:48  Marine  
  26  2:55  SCV  
  27  3:00  Orbital Command  
  27  3:07  Stimpack  
  27  3:09  Marine  
  27  3:10  Marine x2  
  30  3:14  SCV  
  30  3:19  Factory Reactor  
  31  3:26  SCV  
  32  3:30  Starport  
  32  3:31  SCV  
  32  3:33  Marine  
  34  3:36  Marine  
  34  3:39  Marine  
  36  3:42  SCV  
  36  3:47  SCV  
  36  3:48  Supply Depot  
  38  3:53  Marine  
  38  3:55  SCV  
  40  3:57  Marine  
  40  3:58  Marine  
  42  4:03  SCV  
  43  4:12  SCV  
  43  4:17  SCV, Supply Depot  
  45  4:18  Marine x3  
  45  4:19  Medivac x2  
  52  4:26  SCV  
  52  4:27  Engineering Bay x2  
  53  4:31  SCV  
  54  4:40  Supply Depot  
  54  4:41  SCV  
  54  4:42  Marine  
  54  4:43  Marine x2  
  58  4:47  SCV  
  58  4:51  Medivac  
  61  4:53  Terran Infantry Weapons Level 1  
  61  4:56  SCV  
  62  5:02  SCV, Terran Infantry Armor Level 1  
  62  5:03  Supply Depot  
  62  5:04  Marine  
  62  5:05  Marine x2  
  66  5:13  SCV  
  67  5:15  SCV  
  67  5:18  Combat Shields  
  68  5:24  Command Center  
  68  5:25  Marine x2  
  68  5:26  Marine  
  71  5:28  Factory Reactor  
  71  5:30  SCV x2  
  71  5:35  Supply Depot  
  73  5:48  SCV, Barracks  
  73  5:49  SCV  
  75  5:50  Barracks  
  75  5:51  Marine x2, Refinery  
  75  5:52  Marine, Barracks, Refinery  
  78  5:58  Supply Depot  
  78  6:02  SCV  
  78  6:03  SCV  
  80  6:05  Medivac  
  80  6:06  Supply Depot  
  80  6:07  Medivac  
  84  6:21  SCV x2  
  84  6:22  Marine x3  
  89  6:31  Supply Depot  
  89  6:35  SCV x2  
  89  6:38  Orbital Command  
  92  6:48  SCV x2  
  92  6:49  Marine x2  
  92  6:52  Barracks Reactor x3  
  96  6:54  Refinery  
  96  6:59  Refinery  
  95  7:02  SCV x2  
  95  7:05  Marine x2  
  95  7:07  Orbital Command  
Show
View Real Time Build Order
Export as new Build Order

A.I. 1 (Very Easy) Zerg - Winner!

Build Orders: Pool First 

Get SALT Encoding   

  12  0:00  Drone  
  13  0:12  Overlord  
  13  0:17  Drone  
  14  0:36  Spawning Pool  
  14  0:37  Extractor  
  14  0:40  Drone  
  13  0:47  Drone  
  14  0:53  Overlord  
  14  1:23  Zergling x2  
  14  1:25  Queen  
  17  1:33  Roach Warren  
  17  1:36  Drone  
  17  1:40  Extractor  
  17  1:41  Zergling x2  
  17  1:45  Drone  
  18  1:58  Drone  
  18  2:00  Zergling x2  
  20  2:08  Drone  
  21  2:19  Drone  
  22  2:30  Drone  
  22  2:31  Overlord  
  23  2:37  Drone  
  24  2:44  Drone  
  25  5:47  Lair, Drone, Roach, Overlord  
  28  5:54  Drone  
  29  6:02  Drone  
  30  6:09  Drone  
  30  6:16  Drone  
  29  6:23  Drone  
  30  6:26  Roach  
  32  6:45  Overseer x2  
  32  7:06  Roach  
  34  7:20  Hatchery  
Tags
 
Add a new tag
Caveats
  • Supply blocks, unpowered buildings, or Contaminate may cause inaccurate times.
  • Supply counts are checked every 10 seconds.